AoeStats
← cvlp

Arena

508695043Analyzed
3v3 RM · 9d ago on Sep 23, 2026· 53m 56s· 6 players
Game mode
Random Map
Map size
Normal (6 player)
Population
200
Speed
Normal
Resources
Standard
Victory
Conquest
Starting age
Dark Age
Ending age
Imperial Age
RankedLock teamsTeams togetherTeam positionsShared explorationLock speedFull tech treeHidden civsTurbo modeCheats
Victory
Defeat
🇨🇳 Saxons · China
1422
+11
🇨🇳 Danes · China
1381
+12
🇨🇳 Varangians · China
1347
+14
🇦🇷 Bohemians · Argentina
1337
-14
🇦🇷 Danes · Argentina
1291
-12
🇦🇷 Varangians · Argentina
1280
-11
TVHG.- TheCuervo
11:24 Feudal Age
12:48 Double-Bit Axe
15:39 Castle Age
13:56 Horse Collar
14:08 Fletching
15:41 Loom
16:44 Wheelbarrow
16:36 Bodkin Arrow
16:53 Bow Saw
17:36 Town Watch
19:31 Fervor
20:44 Heavy Plow
22:16 Sanctity
23:08 Redemption
29:17 Imperial Age
28:47 Hand Cart
30:45 Bracer
31:49 Illumination
31:39 Block Printing
33:49 Hussite Reforms
35:35 Two-Man Saw
35:50 Chemistry
34:54 Padded Archer Armor
35:43 Hussite Reforms
TVHG.IL Capitano
2:26 Loom
11:29 Feudal Age
13:17 Double-Bit Axe
15:56 Castle Age
14:09 Horse Collar
14:30 Gold Mining
16:26 Forging
16:17 Scale Mail Armor
18:27 Chain Mail Armor
26:15 Iron Casting
27:49 Arson
27:50 Gambesons
30:12 Gold Shaft Mining
29:50 Bow Saw
29:55 Heavy Plow
31:58 Wheelbarrow
35:29 Imperial Age
33:17 Hand Cart
34:39 Squires
35:44 Elite Varangian Guard
36:56 Plate Mail Armor
37:27 Blast Furnace
37:43 Capped Ram
45:32 Siege Ram
47:32 Town Watch
48:09 Hand Cart
TVHG.DooM
11:10 Feudal Age
15:09 Castle Age
16:08 Double-Bit Axe
16:47 Bloodlines
19:59 Loom
20:41 Forging
21:15 Scale Barding Armor
21:54 Husbandry
26:47 Wheelbarrow
27:50 Devotion
27:55 Gold Mining
29:29 Hand Cart
29:17 Town Watch
29:26 Stone Mining
30:34 Horse Collar
37:00 Imperial Age
34:10 Vendel Legacy
36:24 Chain Barding Armor
36:49 Iron Casting
38:54 Plate Barding Armor
38:27 Cavalier
41:19 Blast Furnace
46:18 Elite Varangian Guard
47:13 Scale Mail Armor
48:30 Chain Mail Armor
48:27 Squires
Teaht
11:00 Feudal Age
14:59 Castle Age
13:05 Double-Bit Axe
13:44 Horse Collar
15:36 Gold Mining
16:15 Bow Saw
17:31 Scale Mail Armor
22:23 Chain Mail Armor
23:17 Loom
Moririnnx
10:27 Feudal Age
14:26 Castle Age
12:44 Double-Bit Axe
13:03 Horse Collar
16:29 Bow Saw
18:17 Loom
19:28 Wheelbarrow
19:31 Town Watch
22:09 Hand Cart
24:07 Sanctity
25:02 Squires
24:48 Arson
25:05 Scale Mail Armor
25:05 Padded Archer Armor
25:15 Forging
25:09 Scale Mail Armor
25:10 Gold Mining
25:12 Stone Mining
25:19 Pikeman
27:05 Chain Mail Armor
27:25 Iron Casting
27:15 Town Patrol
30:59 Imperial Age
29:19 Redemption
31:16 Gold Shaft Mining
32:07 Conscription
31:13 Capped Ram
31:36 Shield Wall
33:29 Plate Mail Armor
32:28 Elite Hearth Troop
34:22 Two-Man Saw
33:24 Heavy Plow
34:14 Siege Ram
34:45 Gambesons
35:06 Scale Barding Armor
36:31 Clerical Recruitment
38:28 Chemistry
37:20 Fletching
37:32 Padded Archer Armor
37:12 Halberdier
37:50 Elite Varangian Guard
39:23 Chain Barding Armor
40:08 Thumb Ring
39:56 Man-at-Arms
43:11 Crop Rotation
47:21 Bodkin Arrow
47:43 Leather Archer Armor
48:34 Block Printing
48:20 Devotion
48:40 Bracer
49:05 Ballistics
48:50 Siege Engineers
49:28 Masonry
50:23 Fortified Wall
cvlp
10:23 Feudal Age
11:17 Double-Bit Axe
14:12 Castle Age
12:02 Horse Collar
20:42 Bloodlines
29:38 Imperial Age
28:00 Bow Saw
28:06 Heavy Plow
28:36 Husbandry
28:42 Scale Barding Armor
28:06 Light Cavalry
28:18 Light Cavalry
29:43 Chain Barding Armor
30:33 Wheelbarrow
30:16 Forging
30:11 Cavalier
31:33 Conscription
32:26 Plate Barding Armor
33:21 Iron Casting
34:12 Hand Cart
36:42 Blast Furnace
37:28 Crop Rotation
37:21 Loom
37:22 Town Watch
38:35 Scale Mail Armor
40:57 Town Patrol
42:13 Two-Man Saw
41:08 Fletching
41:33 Chain Mail Armor
41:49 Bodkin Arrow
42:58 Vendel Legacy
43:58 Conscription
42:59 Gothikon
44:33 Caravan
44:43 Guilds
44:28 Elite Varangian Guard
44:54 Gambesons
45:09 Squires
44:54 Arson
47:56 Plate Mail Armor
50:36 Elite Jarl
51:31 Bracer
51:56 Ballistics
52:36 Chemistry
51:45 Siege Engineers
52:41 Chemistry
52:02 Ballistics
Connection lost

Rejoining the realm…

Still unreachable

The connection could not be restored.

Session expired

The server has moved on; the page needs a fresh start.